 Dungeon Crawl Stone Soup version 0.31.0-11-ge490571c62 (webtiles) character file.

Game seed: 5281404538899344814

154 monsoonserge the Gusty (level 5, -4/35 HPs)
             Began as a Barachi Air Elementalist on Feb 3, 2024.
             Killed from afar by an orc wizard (9 damage)
             ... with a magic dart
             ... on level 4 of the Dungeon.
             The game lasted 00:10:46 (3372 turns).

monsoonserge the Gusty (Barachi Air Elementalist)   Turns: 3372, Time: 00:10:46

Health: -4/35      AC:  3    Str: 10    XL:     5   Next: 35%
Magic:  1/9        EV: 12    Int: 17    God:
Gold:   134        SH:  0    Dex: 12    Spells: 5/10 levels left

rFire   . . .        l - +0 spear
rCold   . . .        (no shield)
rNeg    . . .        a - +0 robe
rPois   .            k - +0 helmet
rElec   .            (no cloak)
rCorr   .            (no gloves)
SInv    .            (no boots)
Will    .....        (no amulet)
Stlth   ++           (no ring)
HPRegen 0.25/turn    (no ring)
MPRegen 0.11/turn

%: no passive effects
@: unable to hop, slow
A: amphibious, slowness 1, strong legs 1, +LOS
a: Hop


You were on level 4 of the Dungeon.
You visited 1 branch of the dungeon, and saw 4 of its levels.

You collected 134 gold pieces.

Inventory:

Hand Weapons
 l - a +0 spear (weapon)
 p - a +0 flail
Missiles
 c - 5 poisoned darts (quivered)
 q - 5 boomerangs
 t - 6 atropa-tipped darts
Armour
 a - a +0 robe (worn)
 k - a +0 helmet (worn)
Jewellery
 e - a ring of ice
Scrolls
 d - 7 scrolls of identify {unknown}
 g - a scroll of enchant armour {unknown}
 h - 3 scrolls of fear {unknown}
 i - 2 scrolls of blinking {unknown}
 o - 2 scrolls of torment {unknown}
 s - a scroll of immolation {unknown}
Potions
 b - a potion of magic
 f - 2 potions of lignification {unknown}
 j - 2 potions of resistance {unknown}
 m - a potion of curing {unknown}
 n - a potion of haste {unknown}
 r - a potion of brilliance {unknown}


   Skills:
 + Level 0.7 Polearms
 + Level 0.1 Throwing
 + Level 2.7 Dodging
 + Level 2.2 Stealth
 + Level 3.2 Spellcasting
 - Level 2.0 Conjurations
 + Level 4.8 Air Magic


You had 5 spell levels left.
You knew the following spells:

 Your Spells              Type           Power      Damage    Failure   Level
a - Shock                 Conj/Air       56%        1d6       4%          1
b - Airstrike             Air            9%         2d(2-18)  24%         4

Your spell library contained the following spells:

 Spells                   Type           Power      Damage    Failure   Level
 Static Discharge         Conj/Air       28%        3-5/arc   6%          2
 Swiftness                Air            19%        N/A       7%          3
 Freeze                   Ice            8%         1d3       17%         1
 Necrotise                Necr           8%         1d4       17%         1
 Call Imp                 Summ           4%         N/A       26%         2
 Lesser Beckoning         Tloc           4%         N/A       26%         2
 Sublimation of Blood     Necr           2%         N/A       26%         2
 Hailstorm                Conj/Ice       6%         3d5       32%         3
 Frozen Ramparts          Ice            4%         1d1       45%         3
 Gell's Gravitas          Tloc           2%         N/A       45%         3
 Teleport Other           Tloc           2%         N/A       45%         3
 Vampiric Draining        Necr           2%         2d6       45%         3
 Martyr's Knell           Necr/Summ      2%         N/A       86%         4
 Curse of Agony           Necr           2%         N/A       99%         5
 Summon Hydra             Summ           1%         N/A       100%        7


Dungeon Overview and Level Annotations

Branches:
Dungeon (4/15)
 Temple: D:4-7

Altars:
Trog

Annotations:
D:3 2 transporters, Gadfly's ghost, weakling DsMo


Innate Abilities, Weirdness & Mutations

You are amphibious.
You cover ground slowly.
You can hop short distances.
You have an extended range of vision and can be seen from far away.


Message History

Unknown command.
Casting: Shock (safe; 4% risk of failure)
Confirm with . or Enter, or press ? or * to list all spells.
Aiming: Shock (safe; 4% risk of failure)
Press: ? - help, Shift-Dir - straight line The zap hits something.
The zap hits the hobgoblin.
The hobgoblin is almost dead.
Something hits you. The hobgoblin barely misses you.
Unknown command.
Casting: Shock (safe; 4% risk of failure)
Confirm with . or Enter, or press ? or * to list all spells.
Aiming: Shock (safe; 4% risk of failure)
Press: ? - help, Shift-Dir - straight line The zap hits something but does no damage.
The zap hits the hobgoblin.
You kill the hobgoblin!
Something hits you.
Unknown command.
You barely miss something. Something hits you but does no damage.
You barely miss something. Something hits you.
You miss something. Something hits you.
* * * LOW HITPOINT WARNING * * *
Casting: Shock (safe; 4% risk of failure)
Confirm with . or Enter, or press ? or * to list all spells.
You can't see any susceptible monsters within range! (Use Z to cast anyway.) Unknown command.
Casting: Shock (safe; 4% risk of failure)
Confirm with . or Enter, or press ? or * to list all spells.
Aiming: Shock (safe; 4% risk of failure)
Press: ? - help, Shift-Dir - straight line The zap hits something.
Something hits you but does no damage.
Hop to where?
Press: ? - help, Dir - move target Boing!
A puff of flame appears from out of thin air!
The puff of flame hits you.
* * * LOW HITPOINT WARNING * * *
A magic dart appears from out of thin air!
The magic dart hits you!
You die...

#.##### ....... ......
#....### ###########
..#.......#####.........##
.........#......{........##
.........#.###....####.)..#
#..<......#.....#.....
..##...@#..###......#...
............#...#.#.###..
............## ...##.# ##$
............# ##.##.. ..
..............[ ##..#. #..
................ #.#. ...
...............#. # .. ###.
.............#.. #.
............##... #g


There were no monsters in sight!

Vanquished Creatures
  Jessica (D:2)
  Terence (D:2)
  3 adders
  2 ribbon worms (D:2)
  5 orcs (D:3)
  5 bats
  3 endoplasms
  7 giant cockroaches
  8 goblins
  7 hobgoblins
  3 jackals (D:2)
  2 quokkas
  6 ball pythons
  6 kobolds
  3 rats
62 creatures vanquished.

Notes
Turn   | Place    | Note
-------+----------+-------------------------------------------
     0 | D:1      | monsoonserge the Barachi Air Elementalist began the quest
                  | for the Orb.
     0 | D:1      | Reached XP level 1. HP: 13/13 MP: 3/3
   434 | D:1      | Reached XP level 2. HP: 19/19 MP: 1/5
  1190 | D:2      | Noticed Jessica
  1193 | D:2      | Killed Jessica
  1194 | D:2      | Reached skill level 4 in Air Magic
  1194 | D:2      | Reached XP level 3. HP: 24/24 MP: 2/6
  1441 | D:2      | Reached XP level 4. HP: 30/30 MP: 1/7
  1517 | D:2      | Learned a level 4 spell: Airstrike
  1544 | D:2      | Found a bloodstained altar of Trog.
  1827 | D:2      | Noticed Terence
  1835 | D:2      | Killed Terence
  2490 | D:4      | Noticed a black bear
  2667 | D:3      | Reached XP level 5. HP: 31/35 MP: 7/9
  2954 | D:3      | Found a transporter.
  2956 | D:3      | Noticed Gadfly's ghost (weakling DsMo)
  3012 | D:3      | Found a transporter.
  3337 | D:4      | Noticed an ogre
  3372 | D:4      | Killed from afar by an orc wizard

Illustrated notes

Levels and vault maps discovered:
D:1:      psy_arrival_statuary, layout_basic, minmay_statues_item
D:2:      layout_loops_ring, basic_altar, nicolae_underground_beach,
          uniq_jessica, uniq_terence
D:3:      layout_basic, gammafunk_ghost_arena, st_stairs_14, bh_walls_and_bars
D:4:      layout_layer_cave, cheibriados_altar_1, minmay_fractal_squares_5

Skill      XL: |  1  2  3  4  5 |
---------------+----------------+-----
Conjurations   | 2 |  2.0
Air Magic      | 4 |  4.8
Stealth        | 2 |  2.2
Spellcasting   | 3 |  3.2
Polearms       | |  0.7
Throwing       | |  0.1
Dodging        | |  2.7

Action                     |  1- 3 |  4- 6 || total
---------------------------+-------+-------++-------
  Melee: Unarmed           |     3 |       ||     3
         Punch             |     2 |       ||     2
         Spear             |    16 |    29 ||    45
  Throw: Dart              |     5 |     1 ||     6
   Cast: Shock             |    41 |   103 ||   144
Ability: Hop               |       |     3 ||     3
 Armour: Robe              |    15 |    56 ||    71
  Dodge: Dodged            |    16 |    34 ||    50
